 Dungeon Crawl Stone Soup version 0.31-a0-237-g2d982f9f85 (webtiles) character file.

Game seed: 14240460126188363363

7263 qw the Skirmisher (level 10, -5/73 (91) HPs)
             Began as a Minotaur Hexslinger on July 10, 2023.
             Was an Elder of Okawaru.
             Killed from afar by Josephine (14 damage)
             ... with a ghostly fireball
             ... on level 10 of the Dungeon.
             The game lasted 00:03:36 (8190 turns).

qw the Skirmisher (Minotaur Hexslinger)             Turns: 8190, Time: 00:03:36

HP:   -5/73 (91)    AC: 23    Str: 10    XL:     10   Next: 89%
MP:   10/12         EV: 16    Int: 14    God:    Okawaru [****..]
Gold: 604           SH:  0    Dex: 17    Spells: 10/11 levels left

rFire   . . .        Y - +1 orcbow
rCold   + . .        (shield currently unavailable)
rNeg    . . .        l - +4 ring mail {rC+}
rPois   .            (helmet restricted)
rElec   .            h - +0 cloak
rCorr   .            c - +2 pair of gloves
SInv    .            (no boots)
Will    .....        e - amulet of regeneration
Stlth   ++           g - +4 ring of protection
HPRegen 1.12/turn    j - ring "Biavvobb" {AC+4 Str-3 Int+4}
MPRegen 0.13/turn

%: no passive effects
@: about to teleport, heroic, heavily drained
A: horns 2, retaliatory headbutt
a: Renounce Religion, Heroism, Finesse


You were on level 10 of the Dungeon.
You worshipped Okawaru.
Okawaru was greatly pleased with you.
You visited 2 branches of the dungeon, and saw 11 of its levels.

You collected 604 gold pieces.


Innate Abilities, Weirdness & Mutations

You have a pair of horns on your head.
You reflexively headbutt those who attack you in melee.


   Skills:
 + Level 9.2(14.2) Fighting
 - Level 14.0(19.0) Ranged Weapons
 - Level 4.4(9.4) Armour
 - Level 5.8(10.8) Dodging
 - Level 1.0 Spellcasting
 - Level 2.0 Hexes
 + Level 4.1 Invocations


You had 10 spell levels left.
You knew the following spells:

 Your Spells              Type           Power      Damage    Failure   Level
a - Slow                  Hex            24%        N/A       24%         1

Your spell library contained the following spells:

 Spells                   Type           Power      Damage    Failure   Level
 Inner Flame              Hex/Fire       3%         N/A       73%         3
 Portal Projectile        Hex/Tloc       6%         N/A       73%         3
 Cause Fear               Hex            3%         N/A       94%         4

Inventory:

Hand Weapons
 Y - a +1 orcbow (weapon)
Armour
 c - a +2 pair of gloves (worn)
 h - a +0 cloak (worn)
 l - a +4 ring mail of cold resistance (worn)
Jewellery
 b - a ring of fire
 e - an amulet of regeneration (around neck)
 g - a +4 ring of protection (left hand)
 j - the ring "Biavvobb" (right hand) {AC+4 Str-3 Int+4}
   (You found it on level 5 of the Dungeon)

   [ring of protection]

   AC:        It affects your AC (+4).
   Str:       It affects your strength (-3).
   Int:       It affects your intelligence (+4).
Scrolls
 f - 3 scrolls of identify
 i - a scroll of teleportation
Potions
 a - 3 potions of curing
 d - a potion of haste

Dungeon Overview and Level Annotations

Branches:
Dungeon (10/15)            Temple (1/1) D:5
   Lair: D:8-11         Orc: D:9-12

Altars:
Ashenzari
Cheibriados
Dithmenos
Elyvilon
Fedhas
Gozag
Hepliaklqana
Kikubaaqudgha
Makhleb
Nemelex Xobeh
Okawaru
Qazlal
Ru
Sif Muna
Trog
Uskayaw
Vehumet
Wu Jian
Xom
Yredelemnul
Zin
The Shining One
Jiyva

Annotations:
D:8 3 runed translucent doors, qw's ghost, novice MiHs
D:10 Josephine


Message History

You shoot an arrow. The arrow hits Josephine.
Josephine is moderately wounded.
You shoot an arrow. The arrow closely misses Josephine.
Josephine hits you with a +0 dagger.
You shoot an arrow. The arrow hits Josephine!
Josephine is heavily wounded.
Josephine points at you and mumbles some strange words.
The ghostly flame explodes!
The ghostly fireball engulfs you!
You feel drained.
The ghostly fireball engulfs Josephine.
Josephine completely resists.
You shoot an arrow. The arrow closely misses Josephine.
Josephine barely misses you.
You shoot an arrow. The arrow closely misses Josephine.
Josephine points at you and mumbles some strange words.
The ghostly flame explodes!
The ghostly fireball engulfs you.
You feel drained.
The ghostly fireball engulfs Josephine.
Josephine completely resists.
You hear a shout!
You shoot an arrow. The arrow hits Josephine!
Josephine is severely wounded.
Josephine gestures at you while chanting.
The ghostly flame explodes!
The ghostly fireball engulfs you!!
You feel drained.
The ghostly fireball engulfs Josephine.
Josephine completely resists.
8186 ||| INVOKING Heroism.
You gain the combat prowess of a mighty hero.
Josephine hits you but does no damage.
You shoot an arrow. The arrow hits Josephine!
Josephine is almost dead.
You shoot an arrow. The arrow barely misses Josephine.
The arrow hits the orc wizard but does no damage.
Josephine casts a spell at you.
The ghostly flame explodes!
The ghostly fireball engulfs you!!
You feel drained.
The ghostly fireball engulfs Josephine.
Josephine completely resists.
8189 ||| READING 2 scrolls of teleportation.
As you read the scroll of teleportation, it crumbles to dust.
You feel strangely unstable. Josephine hits you with a +0 dagger.
You shoot an arrow. The arrow hits Josephine.
Josephine is almost dead.
Josephine gestures at you while chanting.
The ghostly flame explodes!
The ghostly fireball engulfs you!
You feel drained.
You die...

#################################
.................................
..#................####..........
..#.........<......####..........
..#..............................
............(....................
#######################'#######..
...o..@@.............#..
.....................#..
.....................#..
.....................###
........................ #####
.#################)####. .....
#......# ..## #......# ..#
#......##


You could see Josephine and an orc wizard.

Vanquished Creatures
  2 two-headed ogres
  Joseph (D:7)
  4 wraiths (D:10)
  2 wyverns
  10 yaks
  2 steam dragons
  Eustachio (D:6)
  2 vampire mosquitoes (D:10)
  Edmund (D:5)
  A water moccasin (D:9)
  An ice beast (D:6)
  A black bear (D:6)
  2 orc warriors
  2 centaurs
  2 phantoms (D:6)
  A kobold brigand (D:10)
  2 bullfrogs
  4 gnoll sergeants
  A scorpion (D:4)
  5 wights (D:8)
  4 howler monkeys
  3 hounds
  A sleepcap (D:4)
  8 orc priests
  8 iguanas
  3 orc wizards
  A mummy (D:6)
  19 gnolls
  7 adders
  A shadow imp (D:8)
  2 white imps
  An ufetubus (D:4)
  2 worms
  4 dart slugs
  29 orcs
  4 endoplasms
  A giant cockroach (D:1)
  6 hobgoblins
  A quokka (D:3)
  6 ball pythons
  2 frilled lizards (D:1)
  6 goblins
  9 kobolds
  7 rats
182 creatures vanquished.

Notes
Turn   | Place    | Note
-------+----------+-------------------------------------------
     0 | D:1      | qw the Minotaur Hexslinger began the quest for the Orb.
     0 | D:1      | Reached XP level 1. HP: 16/16 MP: 1/1
     0 | D:1      | 0 ||| qw: Version: 0.3-a-52-g30416fa
     0 | D:1      | 0 ||| qw: Game counter: 5239
     0 | D:1      | 0 ||| qw: Melee chars always use a shield: true
     0 | D:1      | 0 ||| qw: God list: Okawaru
     0 | D:1      | 0 ||| qw: Allow faded altars: false
     0 | D:1      | 0 ||| qw: Do Orc after clearing Dungeon:15 true
     0 | D:1      | 0 ||| qw: Do second Lair branch before Depths: true
     0 | D:1      | 0 ||| qw: Lair rune preference: random
     0 | D:1      | 0 ||| qw: Goals: Normal
     0 | D:1      | 0 ||| PLANNING D:1-11
   129 | D:1      | Reached skill level 3 in Ranged Weapons
   230 | D:1      | Reached XP level 2. HP: 23/23 MP: 2/2
   231 | D:1      | 231 ||| FLEEEEING.
   232 | D:1      | 232 ||| FLEEEEING.
   687 | D:1      | 687 ||| DROPPING scarf of invisibility.
   688 | D:1      | 688 ||| UPGRADING to +0 ring mail.
   698 | D:1      | 698 ||| DROPPING +0 robe.
   699 | D:1      | 699 ||| UPGRADING to amulet of regeneration.
   704 | D:1      | 704 ||| READING scroll labelled CUOGGAROPN.
   705 | D:1      | 705 ||| READING 2 scrolls labelled MIPOBL SICATS.
   706 | D:1      | 706 ||| READING scroll labelled BIYRAFRILIFF.
   707 | D:1      | 707 ||| READING scroll labelled KOFEDA UBUKYC.
   708 | D:1      | 708 ||| DROPPING scroll of poison.
   930 | D:2      | Reached XP level 3. HP: 25/29 MP: 3/3
  1231 | D:2      | 1231 ||| UPGRADING to +1 leather armour of willpower.
  1241 | D:2      | 1241 ||| DROPPING +0 ring mail.
  1242 | D:2      | 1242 ||| UPGRADING to +4 ring of protection.
  1243 | D:2      | 1243 ||| READING scroll labelled SEINOYTYOD.
  1255 | D:2      | 1255 ||| READING scroll labelled GOOMNOJUPTO.
  1256 | D:2      | 1256 ||| READING 2 scrolls of identify.
  1256 | D:2      | 1256 ||| IDENTIFYING fuming puce potion
  1285 | D:3      | Found a hazy altar of Hepliaklqana.
  1332 | D:3      | Reached skill level 4 in Ranged Weapons
  1410 | D:3      | Reached XP level 4. HP: 36/36 MP: 4/4
  1422 | D:3      | Reached skill level 5 in Ranged Weapons
  1602 | D:3      | Found a shimmering blue altar of Sif Muna.
  1803 | D:3      | 1803 ||| READING scroll labelled YMUIRPHOALI.
  2026 | D:4      | Noticed a scorpion
  2032 | D:4      | Killed a scorpion
  2033 | D:4      | Reached skill level 3 in Fighting
  2033 | D:4      | Reached XP level 5. HP: 46/46 MP: 5/5
  2082 | D:4      | 2082 ||| READING scroll of brand weapon.
  2082 | D:4      | 2082 ||| BRANDING +1 sling of flaming.
  2592 | D:4      | 2592 ||| UPGRADING to ring of positive energy.
  2593 | D:4      | 2593 ||| READING scroll labelled GOKIPTEGIF.
  2603 | D:5      | Entered Level 5 of the Dungeon
  2608 | D:5      | Noticed Edmund
  2630 | D:5      | HP: 11/46 [Edmund/+4 flail of holy wrath (7)]
  2631 | D:5      | Killed Edmund
  2632 | D:5      | Reached skill level 6 in Ranged Weapons
  2632 | D:5      | Reached XP level 6. HP: 14/52 MP: 6/6
  2777 | D:5      | Identified the ring "Biavvobb" {AC+4 Str-3 Int+4}
  2846 | D:5      | Found a staircase to the Ecumenical Temple.
  2847 | D:5      | 2847 ||| PLANNING TEMPLE
  2859 | D:5      | Reached skill level 7 in Ranged Weapons
  2868 | D:5      | 2868 ||| UPGRADING to ring "Biavvobb" {AC+4 Str-3 Int+4}.
  2870 | D:5      | 2870 ||| DROPPING ring of positive energy.
  2871 | D:5      | 2871 ||| READING scroll labelled ILAMUO UMAQUNG.
  2872 | D:5      | 2872 ||| READING 2 scrolls of identify.
  2872 | D:5      | 2872 ||| IDENTIFYING fuming inky potion
  2873 | D:5      | 2873 ||| DROPPING potion of lignification.
  2882 | Temple   | Entered the Ecumenical Temple
  2900 | Temple   | 2900 ||| PLANNING OKAWARU WORSHIP
  2996 | Temple   | 2996 ||| READING 2 scrolls of identify.
  2996 | Temple   | 2996 ||| IDENTIFYING ruby potion
  3004 | Temple   | Became a worshipper of Warmaster Okawaru
  3005 | Temple   | 3005 ||| PLANNING D:1-11
  3346 | D:5      | Reached XP level 7. HP: 55/59 MP: 7/7
  3438 | D:5      | 3438 ||| SWAPPING to +0 orcbow.
  3443 | D:5      | 3443 ||| DROPPING +1 sling of freezing.
  3488 | D:6      | 3488 ||| PLANNING OSSUARY
  3545 | D:6      | Reached skill level 8 in Ranged Weapons
  3757 | D:6      | Reached * piety under Okawaru
  3758 | D:6      | 3758 ||| INVOKING Heroism.
  3761 | D:6      | Reached XP level 8. HP: 42/68 MP: 5/8
  3930 | D:6      | Reached skill level 3 in Dodging
  3995 | D:6      | Reached skill level 9 in Ranged Weapons
  4064 | D:6      | Noticed Eustachio
  4070 | D:6      | Killed Eustachio
  4071 | D:6      | Reached skill level 6 in Fighting
  4123 | D:6      | 4123 ||| RIP OSSUARY
  4147 | D:6      | 4147 ||| PLANNING D:1-11
  4470 | D:6      | 4470 ||| UPGRADING to +0 cloak.
  4475 | D:6      | 4475 ||| UPGRADING to +0 pair of gloves.
  4480 | D:6      | 4480 ||| DROPPING +6 ring of strength.
  4613 | D:7      | Found a stormy altar of Qazlal.
  4631 | D:7      | Reached skill level 1 in Invocations
  4745 | D:7      | Noticed Joseph
  4772 | D:7      | 4772 ||| INVOKING Heroism.
  4785 | D:7      | Killed Joseph
  4786 | D:7      | Reached skill level 3 in Invocations
  4808 | D:7      | 4808 ||| INVOKING Heroism.
  4818 | D:7      | Reached skill level 10 in Ranged Weapons
  5308 | D:7      | Found a hide-covered altar of Uskayaw.
  5308 | D:7      | Found a sacrificial altar of Ru.
  5314 | D:7      | Found a faded altar of an unknown god.
  5316 | D:7      | Found a faded altar of an unknown god.
  5318 | D:7      | Found a blossoming altar of Fedhas.
  5371 | D:7      | 5371 ||| Stepping ~*~*~tactically~*~*~ (water).
  5388 | D:7      | 5388 ||| DROPPING +0 steam dragon scales.
  5389 | D:7      | 5389 ||| UPGRADING to +4 ring mail of cold resistance.
  5399 | D:7      | 5399 ||| DROPPING +1 leather armour of willpower.
  5400 | D:7      | 5400 ||| READING scroll labelled SEIWY JEINWIZO.
  5427 | D:8      | 5427 ||| INVOKING Heroism.
  5428 | D:8      | 5428 ||| DRINKING 3 potions of curing.
  5428 | D:8      | 5428 ||| (to cure confusion)
  5437 | D:8      | 5437 ||| STAIRDANCE
  5439 | D:7      | 5439 ||| DRINKING 2 potions of curing.
  5439 | D:7      | 5439 ||| (to cure confusion)
  5493 | D:8      | 5493 ||| STAIRDANCE
  5505 | D:8      | 5505 ||| INVOKING Heroism.
  5508 | D:8      | Reached skill level 3 in Armour
  5509 | D:8      | Reached XP level 9. HP: 75/75 MP: 8/11
  5553 | D:8      | Found a runed translucent gate.
  5553 | D:8      | Found a runed translucent gate.
  5553 | D:8      | Found a runed translucent gate.
  5556 | D:8      | Noticed qw's ghost (novice MiHs)
  5609 | D:8      | Noticed a two-headed ogre
  5610 | D:8      | 5610 ||| INVOKING Heroism.
  5619 | D:8      | Killed a two-headed ogre
  5619 | D:8      | Reached ** piety under Okawaru
  5620 | D:8      | Reached skill level 11 in Ranged Weapons
  5794 | D:8      | 5794 ||| Stepping ~*~*~tactically~*~*~ (outnumbered).
  5803 | D:8      | 5803 ||| Stepping ~*~*~tactically~*~*~ (outnumbered).
  5810 | D:8      | 5810 ||| INVOKING Heroism.
  5899 | D:8      | 5899 ||| INVOKING Heroism.
  5903 | D:8      | 5903 ||| Stepping ~*~*~tactically~*~*~ (outnumbered).
  5988 | D:8      | 5988 ||| INVOKING Heroism.
  6250 | D:8      | Reached skill level 12 in Ranged Weapons
  6257 | D:8      | 6257 ||| INVOKING Heroism.
  6274 | D:8      | Reached XP level 10. HP: 31/89 MP: 10/12
  6559 | D:8      | Found a viscous altar of Jiyva.
  6560 | D:8      | 6560 ||| UPGRADING to +2 pair of gloves.
  6570 | D:8      | 6570 ||| DROPPING +0 pair of gloves.
  6571 | D:8      | 6571 ||| READING scroll labelled QYKKYA TOQOLUBB.
  6572 | D:8      | 6572 ||| READING scroll labelled YNIOXU YLOZUN.
  6786 | D:9      | Found a basalt altar of Yredelemnul.
  6795 | D:9      | Reached *** piety under Okawaru
  6985 | D:9      | Reached skill level 13 in Ranged Weapons
  7235 | D:9      | 7235 ||| READING scroll labelled REOKUKL SE ZESH.
  7236 | D:9      | 7236 ||| READING scroll labelled XIK ULOXAIXAZ.
  7237 | D:9      | 7237 ||| READING 4 scrolls of identify.
  7237 | D:9      | 7237 ||| IDENTIFYING puce potion
  7279 | D:10     | Entered Level 10 of the Dungeon
  7386 | D:10     | Reached skill level 9 in Fighting
  7553 | D:10     | Noticed a two-headed ogre
  7554 | D:10     | 7554 ||| INVOKING Heroism.
  7562 | D:10     | Killed a two-headed ogre
  7616 | D:10     | Reached **** piety under Okawaru
  7619 | D:10     | 7619 ||| INVOKING Heroism.
  7669 | D:10     | 7669 ||| INVOKING Heroism.
  7681 | D:10     | HP: 20/91 [orc warrior/+1 hand axe of electrocution (12)]
  7682 | D:10     | 7682 ||| READING scroll of teleportation.
  7683 | D:10     | 7683 ||| DRINKING potion of heal wounds.
  8008 | D:10     | 8008 ||| INVOKING Heroism.
  8028 | D:10     | Reached skill level 14 in Ranged Weapons
  8174 | D:10     | Noticed Josephine
  8186 | D:10     | 8186 ||| INVOKING Heroism.
  8188 | D:10     | HP: 9/76 [Josephine/ghostly fireball (30)]
  8189 | D:10     | 8189 ||| READING 2 scrolls of teleportation.
  8190 | D:10     | Killed from afar by Josephine

Levels and vault maps discovered:
D:1:      onia_arrival_handbag, layout_basic
D:2:      layout_basic
D:3:      layout_rooms, nicolae_sif_muna_little_library,
          mainiacjoe_overflow_tiny_flanked, uniq_crazy_yiuf_cottage
D:4:      layout_basic, corner_web_ring, chequers_serial_rivers_small_a
D:5:      layout_loops_ring, minmay_temple_entry_offerings,
          kennysheep_minor_cross, uniq_edmund
D:6:      layout_loops_corners, gup_ossuary_entry_pyramid, grunt_decor_cap,
          kennysheep_windowed_goal, uniq_eustachio
D:7:      layout_gridville, mainiacjoe_overflow_chevrons,
          chequers_temple_overflow_minitemple, enter_bailey_4, uniq_joseph
D:8:      layout_gridville, gammafunk_ghost_ooze,
          chequers_serial_rivers_micro_d, nicolae_eternal_life
D:9:      layout_roguey, mainiacjoe_overflow_24_doors, item_on_display_a
D:10:     layout_stronghold, uniq_josephine
Temple:   nicolae_temple_superstar

Skill      XL: |  1  2  3  4  5  6  7  8  9 10 |
---------------+-------------------------------+-----
Ranged Weapons | 3 4 5 6 7 8 10 12 14 | 14.0
Fighting       | 2 3 4 5 6 8 9 |  9.2
Armour         | 2 3 4 |  4.4
Dodging        | 3 4 5 |  5.8
Invocations    | 4 |  4.1
Spellcasting   | |  1.0
Hexes          | |  2.0

Action                     |  1- 3 |  4- 6 |  7- 9 | 10-12 || total
---------------------------+-------+-------+-------+-------++-------
   Fire: Sling             |   123 |   168 |       |       ||   291
         Orcbow            |       |       |   329 |   228 ||   557
 Invoke: Heroism           |       |       |    10 |     5 ||    15
    Use: Scroll            |     7 |     6 |     1 |     7 ||    21
         Potion            |       |       |     2 |     1 ||     3
 Armour: Robe              |     2 |       |       |       ||     2
         Ring mail         |     7 |       |    76 |    80 ||   163
         Leather armour    |    10 |    21 |    62 |       ||    93
  Dodge: Dodged            |    42 |    49 |   146 |    94 ||   331

Table legend:
 A = Non-vault XP
 B = Vault XP
 C = Vault XP percentage of total XP
 D = Non-vault monster count
 E = Vault monster count
 F = Vault count percentage of total count
                 A         B        C        D         E       F
            +---------+---------+-------+---------+---------+-------
      Total |    8682 |    1694 |  16.3 |     164 |      18 |   9.9
            +---------+---------+-------+---------+---------+-------
        D:1 |      28 |       5 |  15.2 |      15 |       4 |  21.1
        D:2 |      25 |       0 |   0.0 |       8 |       0 |   0.0
        D:3 |      91 |       0 |   0.0 |      14 |       0 |   0.0
        D:4 |     180 |       0 |   0.0 |      12 |       0 |   0.0
        D:5 |     382 |     162 |  29.8 |      18 |       1 |   5.3
        D:6 |     745 |     217 |  22.6 |      12 |       3 |  20.0
        D:7 |     420 |     466 |  52.6 |      13 |       6 |  31.6
        D:8 |    3422 |       0 |   0.0 |      36 |       0 |   0.0
        D:9 |    1009 |       0 |   0.0 |      22 |       0 |   0.0
       D:10 |    2380 |     844 |  26.2 |      14 |       4 |  22.2
            +---------+---------+-------+---------+---------+-------
